 Dungeon Sprint DCSS version 0.24-a0-48-g0ecae65 (webtiles) character file.

Game seed: 8798686293869230061

150 tatocazan the Pandemonic (level 7, 0/70 HPs)
             Began as a Deep Dwarf Fighter on Feb 4, 2019.
             Was a High Priest of Makhleb.
             Slain by a giant anaconda (10 damage)
             ... in the Dungeon (Sprint VI: "Thunderdome").
             The game lasted 00:07:40 (695 turns).

tatocazan the Pandemonic (Deep Dwarf Fighter)        Turns: 695, Time: 00:07:40

Health: 0/70       AC:  7    Str: 32    XL:     7   Next: 38%
Magic:  22/22 (13) EV:  9    Int: 13    God:    Makhleb [*****.]
Gold:   155        SH: 12    Dex: 12    Spells: 6/6 levels left

rFire    . . .     SeeInvis .   a - +0 war axe
rCold    . . .     Gourm    +   c - +0 shield
rNeg     . . .     Faith    .   q - +1 ring mail {MR+}
rPois    +         Spirit   .   (no helmet)
rElec    .         Reflect  .   (no cloak)
rCorr    .         Harm     .   (no gloves)
MR       ++++.     NoTele   +   (no boots)
Stlth    +.........             r - amulet of Ibameot {Gourm MR++}
HPRegen  0.00/turn              s - ring of Givuriw {*Contam MP+9 Str+6}
MPRegen  0.18/turn              t - ring of Bivuis {rPois Int+4}

@: mighty, very slightly contaminated, non-regenerating, hasted, constricted,
very quick
A: damage resistance, heal wounds, sense surroundings 1, subdued magic 1, no
regeneration
a: Heal Wounds, Minor Destruction, Lesser Servant of Makhleb, Major Destruction,
Greater Servant of Makhleb, Renounce Religion


You were in the Dungeon.
You worshipped Makhleb.
Makhleb was extremely pleased with you.
You were full.

You visited 1 branch You collected 420 gold pieces.
You spent 265 gold pieces at shops.

Inventory:

Hand Weapons
 a - a +0 war axe (weapon)
Armour
 c - a +0 shield (worn)
 q - a +1 ring mail of magic resistance (worn)
Jewellery
 r - the amulet of Ibameot (around neck) {Gourm MR++}
   (You bought it in a shop in the Dungeon)

   [amulet of the gourmand]

   It allows you to eat raw meat even when not hungry.
   It affects your resistance to hostile enchantments.
 s - the ring of Givuriw (left hand) {*Contam MP+9 Str+6}
   (You bought it in a shop in the Dungeon)

   [ring of magical power]

   It affects your strength (+6).
   It affects your magic capacity (+9).
   It causes magical contamination when unequipped.
 t - the ring of Bivuis (right hand) {rPois Int+4}
   (You bought it in a shop in the Dungeon)

   [ring of poison resistance]

   It affects your intelligence (+4).
   It protects you from poison.
Wands
 m - a wand of acid (5)
 n - a wand of iceblast (5)
 p - a wand of digging (5)
Scrolls
 k - 4 scrolls of blinking
 o - 3 scrolls of fog
Potions
 e - 2 potions of curing
 g - 2 potions of heal wounds
 h - 2 potions of haste
 i - 2 potions of magic
 j - a potion of berserk rage
 l - a potion of resistance
Comestibles
 f - 3 rations


   Skills:
 + Level 6.3 Fighting
 * Level 9.2 Axes
 + Level 7.7 Armour
 + Level 5.3 Dodging
 + Level 7.6 Shields
 * Level 9.5 Invocations


You had 6 spell levels left.
You didn't know any spells.
Your spell library was empty.

Dungeon Overview and Level Annotations

Branches:
Dungeon (1/1)

Altars:
Cheibriados
Dithmenos
Fedhas
Gozag
Kikubaaqudgha
Makhleb
Okawaru
Qazlal
Ru
Sif Muna
Trog
Uskayaw
Vehumet
Wu Jian
Xom
Yredelemnul
Zin
The Shining One
Beogh
Jiyva
Lugonu

Shops:
D *[%??*?*:[((!!!!


Innate Abilities, Weirdness & Mutations

You are resistant to damage.
You can heal yourself by infusing magical energy.
You passively map a small area around you.
You do not regenerate.
Your spells are a little easier to cast, but a little less powerful.


Message History

The giant anaconda bites your ufetubus!
Your ufetubus dies!
The giant anaconda constricts you. The shock serpent bites your ufetubus!
Your ufetubus dies!
The giant anaconda hisses angrily.
You take 2 damage, and have 24/70 hp.
You slash the giant anaconda!
The giant anaconda is almost dead.
The giant anaconda bites you!
* * * LOW HITPOINT WARNING * * *
The giant anaconda constricts you.
Your ynoxinul hits the giant anaconda. The shock serpent misses your ufetubus.
You block the giant anaconda's attack. The giant anaconda constricts you.
You take 10 damage, and have 14/70 hp.
A demon appears!
Your ufetubus barely misses the giant anaconda. x2
The shock serpent bites your ufetubus!
Your ufetubus dies!
The giant anaconda bites you!
You die...

###∩........8.# #.8........∩###
##.............###.............##
#⌠..........###...###..........⌠#
#⌠..........# #.<.# #..........⌠#
#⌠..........###...###..........⌠#
##.............###.............##
###∩........8.# #.8........∩###
##∩___......###.......__∩##
######.8..SS@5...8.######
#⌠....3..4...⌠# ###.........###
#_......._# #_......._#
#_......._# #∩.......∩#
##∩.....∩## ##.....##


You could see a giant anaconda, a shock serpent, a friendly orange demon, a
friendly ynoxinul and a friendly ufetubus.

Vanquished Creatures
  Sigmund (D)
  2 floating eyes (D)
  A crimson imp (D)
  2 jellies (D)
  6 orc priests (D)
  Jessica (D)
  Terence (D)
  An adder (D)
  2 oozes (D)
  A leopard gecko (D)
  A giant cockroach (D)
  2 bats (D)
  A rat (D)
22 creatures vanquished.

Notes
Turn   | Place    | Note
-------+----------+-------------------------------------------
     0 | D        | tatocazan the Deep Dwarf Fighter began the quest for the
                  | Orb.
     0 | D        | Reached XP level 1. HP: 20/20 MP: 1/1
     0 | D        | Found a viscous altar of Jiyva.
     4 | D        | Found an ancient bone altar of Kikubaaqudgha.
     4 | D        | Found a stormy altar of Qazlal.
     5 | D        | Found a burning altar of Makhleb.
     5 | D        | Found a bloodstained altar of Trog.
     5 | D        | Round 1.
     6 | D        | Found a radiant altar of Vehumet.
     6 | D        | Found a hide-covered altar of Uskayaw.
     6 | D        | Found Ucidujil's Staff Store.
     6 | D        | Found Janwups's Magic Scroll Shop.
     7 | D        | Found Sumuis's Must-Have Magic.
     7 | D        | Found Lukoxt's Magic Scroll Shop.
     9 | D        | Noticed Jessica
    10 | D        | Noticed Terence
    13 | D        | Became a worshipper of Makhleb the Destroyer
    21 | D        | Killed Terence
    21 | D        | Reached XP level 2. HP: 30/30 MP: 2/2
    33 | D        | Killed Jessica
    33 | D        | Reached skill level 5 in Armour
    33 | D        | Reached skill level 5 in Shields
    33 | D        | Reached XP level 3. HP: 19/36 MP: 3/3
    55 | D        | Found a glowing golden altar of the Shining One.
    59 | D        | Found a glowing silver altar of Zin.
    59 | D        | Found Vuaqaidgh's Delicious Food.
    59 | D        | Found Ziobbaydak's Jewellery.
    60 | D        | Found Obivys's Advanced Armour.
    65 | D        | Found Tarchun's Identification Station.
    65 | D        | Found a corrupted altar of Lugonu.
    65 | D        | Found a shadowy altar of Dithmenos.
    65 | D        | Found a blossoming altar of Fedhas.
    66 | D        | Bought a heavily runed iron amulet for 45 gold pieces
    66 | D        | Bought a scorched iron ring for 45 gold pieces
    66 | D        | Bought an ancient silver ring for 45 gold pieces
    66 | D        | Identified the amulet of Ibameot {Gourm MR++} (You bought
                  | it in a shop in the Dungeon)
    67 | D        | Identified the ring of Givuriw {*Contam MP+9 Str+6} (You
                  | bought it in a shop in the Dungeon)
    68 | D        | Identified the ring of Jocyifos {Fire Str+2} (You bought it
                  | in a shop in the Dungeon)
    71 | D        | Bought a translucent steel ring for 45 gold pieces
    71 | D        | Identified the ring of Bivuis {rPois Int+4} (You bought it
                  | in a shop in the Dungeon)
    82 | D        | Found a shimmering altar of Xom.
    84 | D        | Found a deep blue altar of Sif Muna.
    84 | D        | Found an opulent altar of Gozag.
    84 | D        | Found Pisain's Premium Goods.
    84 | D        | Found Tadgh's Miscellaneous Merchandise.
    85 | D        | Found Ijizotock's Basic Armour.
    90 | D        | Found Riokueta's Weapon Rack.
    90 | D        | Found a snail-covered altar of Cheibriados.
    90 | D        | Found an ornate altar of the Wu Jian Council.
    90 | D        | Found an iron altar of Okawaru.
   103 | D        | Found a basalt altar of Yredelemnul.
   103 | D        | Found a sacrificial altar of Ru.
   103 | D        | Found Gebes's Do-It-Yourself Clinic.
   103 | D        | Found Eklo Waar's Bottled Wisdom.
   104 | D        | Found Kos Ted's Distillery.
   109 | D        | Found Setez's Distillery.
   109 | D        | Found a roughly hewn altar of Beogh.
   120 | D        | Noticed Sigmund
   130 | D        | Killed Sigmund
   130 | D        | Reached * piety under Makhleb
   130 | D        | Reached skill level 5 in Fighting
   130 | D        | Reached skill level 5 in Invocations
   130 | D        | Reached XP level 4. HP: 41/46 MP: 8/8
   130 | D        | Reached XP level 5. HP: 46/52 MP: 9/9
   135 | D        | Arena points: 12 (+12) [x2]
   201 | D        | Round 2.
   318 | D        | Reached ** piety under Makhleb
   388 | D        | Arena points: 24 (+12) [x1]
   403 | D        | Round 3.
   411 | D        | Reached *** piety under Makhleb
   411 | D        | Reached XP level 6. HP: 51/61 MP: 11/11
   425 | D        | Reached **** piety under Makhleb
   430 | D        | Arena points: 66 (+42) [x2]
   477 | D        | Round 4.
   513 | D        | Bought 2 rations for 40 gold pieces
   518 | D        | Bought a bound marble ring for 45 gold pieces
   519 | D        | Identified the ring of Liberty {rF+ MP-9 EV+5 Int+2} (You
                  | bought it in a shop in the Dungeon)
   546 | D        | Gained mutation: Your spells are a little easier to cast,
                  | but a little less powerful. [mutagenic glow]
   596 | D        | Noticed a floating eye
   598 | D        | Paralysed by a floating eye for 4 turns
   603 | D        | Killed a floating eye
   603 | D        | Reached XP level 7. HP: 63/69 MP: 11/12
   603 | D        | Reached skill level 5 in Dodging
   608 | D        | Reached ***** piety under Makhleb
   624 | D        | Paralysed by a floating eye for 3 turns
   628 | D        | Arena points: 150 (+84) [x3]
   654 | D        | Round 5.
   659 | D        | Noticed a giant anaconda
   680 | D        | Noticed a shock serpent
   695 | D        | Slain by a giant anaconda

Vault maps used:
D:        arena_sprint

Skill      XL: |  1  2  3  4  5  6  7 |
---------------+----------------------+-----
Fighting       | 3 4 5 6 |  6.3
Axes           | 3 4 6 7 8 9 |  9.2
Armour         | 4 5 6 7 |  7.7
Shields        | 4 5 6 7 |  7.6
Dodging        | 3 4 5 |  5.3
Invocations    | 5 6 8 9 |  9.5

Action                   |  1- 3 |  4- 6 |  7- 9 || total
-------------------------+-------+-------+-------++-------
Melee: War axe           |    21 |    59 |    19 ||    99
Invok: Lesser Servant of |       |       |     3 ||     3
 Abil: Heal Wounds       |     1 |     1 |     3 ||     5
  Use: Potion            |     1 |       |     4 ||     5
  Eat: Chunk             |       |    10 |       ||    10
Armor: Scale mail        |     2 |     9 |       ||    11
       Ring mail         |       |     7 |     1 ||     8
Dodge: Dodged            |     7 |    17 |     7 ||    31
Block: Shield            |    11 |    24 |    12 ||    47

Table legend:
 A = Non-vault XP
 B = Vault XP
 C = Vault XP percentage of total XP
 D = Non-vault monster count
 E = Vault monster count
 F = Vault count percentage of total count
                 A         B        C        D         E       F
            +---------+---------+-------+---------+---------+-------
      Total |    1003 |       0 |   0.0 |      22 |       0 |   0.0
            +---------+---------+-------+---------+---------+-------
          D |    1003 |       0 |   0.0 |      22 |       0 |   0.0
            +---------+---------+-------+---------+---------+-------
